 Dungeon Crawl Stone Soup version 0.28-a0-773-g130ae17fe5 (webtiles) character file.

Game seed: 17135061214205803757

234 swuauws the Conjurer (level 6, -1/30 HPs)
             Began as a Vine Stalker Conjurer on Nov 2, 2021.
             Was a High Priest of Ignis.
             Slain by an orc (3 damage)
             ... on level 4 of the Dungeon.
             The game lasted 00:28:42 (2936 turns).

swuauws the Conjurer (Vine Stalker Conjurer)        Turns: 2936, Time: 00:28:43

Health: -1/30      AC:  4    Str: 11    XL:     6   Next: 5%
Magic:  0/10       EV:  9    Int: 18    God:    Ignis [*****.]
Gold:   106        SH:  0    Dex: 19    Spells: 6/9 levels left

rFire   + + .      SeeInvis .   n - +2 falchion (flame)
rCold   . . .      Faith    .   (no shield)
rNeg    . . .      Spirit   +   m - +0 leather armour
rPois   .          Reflect  .   g - +0 helmet
rElec   .          Harm     .   p - scarf {repulsion}
rCorr   .          Rampage  .   (no gloves)
Will    .....                   (no boots)
Stlth   ++........              (no amulet)
HPRegen 1.10/turn               i - +6 ring of dexterity
MPRegen 0.12/turn               j - ring of protection from fire

@: constricted, repel missiles
A: fangs 2, regeneration 1, magic shield, antimagic bite, no potion heal 2
a: Renounce Religion, Sea of Fire, Foxfire Swarm, Rising Flame


You were on level 4 of the Dungeon.
You worshipped Ignis.
Ignis was extremely pleased with you.
You visited 1 branch of the dungeon, and saw 4 of its levels.

You collected 106 gold pieces.

Inventory:

Hand Weapons
 c - a +0 whip
 h - a +2 mace of holy wrath
 n - a +2 falchion of flaming (weapon)
Armour
 g - a +0 helmet (worn)
 m - a +0 leather armour (worn)
 p - a scarf of repulsion (worn)
Jewellery
 f - an amulet of faith
 i - a +6 ring of dexterity (left hand)
 j - a ring of protection from fire (right hand)
Wands
 o - a wand of charming (10)
Potions
 a - a potion of heal wounds
 b - 2 potions of flight
 d - a potion of curing
 e - a potion of haste


   Skills:
 + Level 1.1 Fighting
 + Level 0.8 Long Blades
 + Level 1.9 Maces & Flails
 + Level 1.2 Armour
 + Level 2.5 Dodging
 + Level 3.3 Stealth
 + Level 0.4 Unarmed Combat
 + Level 2.4 Spellcasting
 + Level 4.8 Conjurations


You had 6 spell levels left.
You knew the following spells:

 Your Spells              Type           Power      Damage    Failure   Level
a - Magic Dart            Conj           76%        1d6       3%          1
b - Searing Ray           Conj           38%        2d5       4%          2

Your spell library contained the following spells:

 Spells                   Type           Power      Damage    Failure   Level
 Dazzling Flash           Conj/Hex       22%        N/A       26%         3
 Passwall                 Tmut/Erth      1%         N/A       34%         2
 Mephitic Cloud           Conj/Pois/Air  8%         N/A       34%         3
 Ignite Poison            Fire/Tmut/Pois 2%         N/A       56%         3
 Swiftness                Air            2%         N/A       56%         3
 Fulminant Prism          Conj/Hex       5%         3d7       63%         4
 Iskenderun's Mystic Bla  Conj/Tloc      11%        2d4       63%         4
 Freezing Cloud           Conj/Ice/Air   4%         6-21      97%         5
 Invisibility             Hex            1%         N/A       100%        6


Dungeon Overview and Level Annotations

Branches:
Dungeon (4/15)
 Temple: D:4-7

Altars:
Ignis

Annotations:
D:4 Natasha, Robin


Innate Abilities, Weirdness & Mutations

You have extremely sharp teeth.
Your natural rate of healing is unusually fast.
When hurt, damage is shared between your health and your magic reserves.
Your bite disrupts and absorbs the magic of your enemies.
Potions cannot restore your health.


Message History

The orc wizard's magic leaks into the air.
You drain its magic.
You feel invigorated.
The orc wizard is heavily wounded.
The ball python closely misses you. The ball python misses you.
The kobold hits you with a +0 dagger.
The orc wizard hits you with a +0 dagger.
* * * LOW HITPOINT WARNING * * *
You hit the kobold but do no damage. You bite the kobold, but do no damage.
The ball python bites you.
* * * LOW HITPOINT WARNING * * *
The ball python barely misses you. The kobold hits you but does no damage.
The orc hits you but does no damage.
The orc wizard hits you but does no damage.
The ball python barely misses you. The ball python grabs you.
The ball python constricts you. The kobold hits you but does no damage.
The orc hits you with a +0 dagger.
* * * LOW HITPOINT WARNING * * *
You closely miss the kobold. The ball python barely misses you.
The ball python constricts you. The kobold hits you but does no damage.
The orc hits you with a +0 dagger.
* * * LOW HITPOINT WARNING * * *
The orc wizard casts a spell.
The orc wizard flickers and vanishes!
The orc wizard hits you with a +0 dagger.
* * * LOW HITPOINT WARNING * * *
The ball python bites you. The ball python constricts you.
You hit the kobold. You burn the kobold.
You kill the kobold!
The orc hits you but does no damage.
The ball python bites you but does no damage.
The ball python constricts you.
* * * LOW HITPOINT WARNING * * *
The orc closely misses you.
The orc wizard hits you but does no damage.
You slash the orc wizard! You burn the orc wizard.
You bite the orc wizard, but do no damage.
The orc wizard is heavily wounded.
The ball python closely misses you. The ball python constricts you.
The orc hits you with a +0 whip.
You die...

. . #.... .##
..#....##.. ##
.#........ ..#
.........# ..#
#.......######
.##
#........#...#
..#
#.............#
.##
......o.#..)o.#
....#..o#oo@..#
... #.>.##S#.##
.. #.....{### .
#....... .
.......... ##
.(.#....... .#
.. #.......#
... . ##..<...#
... .......#


You could see an orc wizard, 2 orcs and a ball python.

Vanquished Creatures
  The ghost of AlleluiaPinecone the Sneak, an amateur VSBr of Trog (D:3)
  Jessica (D:3)
  Ijyb (D:3)
  Terence (D:3)
  2 dart slugs
  An orc (D:4)
  3 endoplasms
  A giant cockroach (D:1)
  14 goblins
  7 hobgoblins
  4 kobolds
  2 quokkas
  4 ball pythons
  A bat (D:1)
  2 frilled lizards
  8 rats
53 creatures vanquished.

Vanquished Creatures (others)
  6 plants (D:3)
  3 withered plants (D:3)
9 creatures vanquished.

Grand Total: 62 creatures vanquished

Notes
Turn   | Place    | Note
-------+----------+-------------------------------------------
     0 | D:1      | swuauws the Vine Stalker Conjurer began the quest for the
                  | Orb.
     0 | D:1      | Reached XP level 1. HP: 9/9 MP: 4/4
   367 | D:1      | Reached XP level 2. HP: 8/13 MP: 1/6
   379 | D:1      | Learned a level 2 spell: Searing Ray
   994 | D:1      | Reached XP level 3. HP: 14/16 MP: 5/7
  1946 | D:3      | Noticed Terence
  1957 | D:3      | Killed Terence
  1958 | D:3      | Reached skill level 1 in Maces & Flails
  1958 | D:3      | Gained mutation: Your natural rate of healing is unusually
                  | fast. [Vine Stalker growth]
  1958 | D:3      | Reached XP level 4. HP: 12/21 MP: 0/8
  2115 | D:3      | Found a faded altar of an unknown god.
  2139 | D:3      | Prayed at the altar of an unknown god.
  2139 | D:3      | Became a worshipper of Ignis, the Dying Flame
  2189 | D:3      | Noticed Jessica
  2194 | D:3      | Killed Jessica
  2243 | D:3      | Noticed Ijyb
  2257 | D:3      | Killed Ijyb
  2258 | D:3      | Reached XP level 5. HP: 25/25 MP: 3/9
  2297 | D:3      | Found a runed translucent gate.
  2297 | D:3      | Found a runed translucent gate.
  2297 | D:3      | Found a runed translucent gate.
  2303 | D:3      | Noticed AlleluiaPinecone's ghost (amateur VSBr)
  2338 | D:3      | Killed AlleluiaPinecone's ghost
  2339 | D:3      | Reached skill level 1 in Fighting
  2339 | D:3      | Reached skill level 1 in Armour
  2882 | D:4      | Noticed Robin
  2882 | D:4      | Noticed Natasha
  2886 | D:4      | Reached XP level 6. HP: 26/30 MP: 7/10
  2921 | D:4      | HP: 1/30 [goblin[Robin] (4)]
  2930 | D:4      | HP: 1/30 [something/magic dart (5)]
  2935 | D:4      | HP: 1/30 [constriction (1)]
  2936 | D:4      | Slain by an orc

Illustrated notes

Levels and vault maps discovered:
D:1:      minmay_arrival_solitary_statue, layout_loops_ring, minmay_ruptured
D:2:      layout_basic, minmay_stone_trees_small, chequers_serial_rivers_small_a
D:3:      layout_loops_ring, shapermc_ecumenical_altar_flowoftime,
          ebering_ghost_rock_garden, roderic_filled_cross, item_on_display_a,
          uniq_ijyb, uniq_terence, uniq_jessica
D:4:      layout_cave_pools, uniq_natasha, uniq_robin, uniq_grinder

Skill      XL: |  1  2  3  4  5 |
---------------+----------------+-----
Dodging        | 2 |  2.5
Stealth        | 3 |  3.3
Maces & Flails | 1 |  1.9
Fighting       | 1 |  1.1
Armour         | 1 |  1.2
Long Blades    | |  0.8
Unarmed Combat | |  0.4
Spellcasting   | |  2.4
Conjurations   | |  4.8

Action                   |  1- 3 |  4- 6 || total
-------------------------+-------+-------++-------
Melee: Unarmed           |    36 |       ||    36
       Bite              |    19 |    33 ||    52
       Whip              |    22 |       ||    22
       Mace              |    32 |       ||    32
       Falchion          |       |    95 ||    95
 Cast: Magic Dart        |    17 |     2 ||    19
       Searing Ray       |    10 |     6 ||    16
Invok: Sea of Fire       |       |     1 ||     1
  Use: Scroll            |     8 |     3 ||    11
 Stab: Sleeping          |     1 |       ||     1
Armor: Robe              |    25 |       ||    25
       Leather armour    |       |    38 ||    38
Dodge: Dodged            |    63 |    72 ||   135

Table legend: (Time is in decaauts)
 A = Elapsed time spent in this place.
 B = Non-inter-level travel time spent in this place.
 C = Inter-level travel time spent in this place.
 D = Time resting spent in this place.
 E = Time spent auto-exploring this place.
 F = Levels seen in this place.
 G = Mean time per level.
                   A        B        C        D        E       F      G
               +--------+--------+--------+--------+--------+-----+--------+
         Total |   2976 |   2976 |      0 |    472 |      3 |   4 |  744.0 |
       Dungeon |   2976 |   2976 |      0 |    472 |      3 |   4 |  744.0 |
               +--------+--------+--------+--------+--------+-----+--------+

Top non-repeatable levels by time:
     D:1: 1287 daAuts
     D:3: 926 daAuts
     D:2: 675 daAuts
     D:4: 87 daAuts
